 Dungeon Crawl Stone Soup version 0.27-a0-972-gd1521fd518 (webtiles) character file.

Game seed: 13129924543112864661

72 Froggeryz the Skirmisher (level 4, -6/48 HPs)
             Began as an Ogre Delver on Apr 13, 2021.
             Was a Follower of Nemelex Xobeh.
             Mangled by Crazy Yiuf
             ... wielding a +4 quarterstaff of chaos
              (19 damage)
             ... on level 2 of the Dungeon.
             The game lasted 00:04:15 (2639 turns).

Froggeryz the Skirmisher (Ogre Delver)              Turns: 2639, Time: 00:04:15

Health: -6/48      AC:  3    Str: 17    XL:     4   Next: 26%
Magic:  4/4        EV: 10    Int: 11    God:    Nemelex Xobeh [*.....]
Gold:   81         SH:  0    Dex: 10    Spells: 3/3 levels left

rFire    . . .     SeeInvis .     - Unarmed
rCold    . . .     Faith    .   (no shield)
rNeg     . . .     Spirit   .   a - +0 robe
rPois    .         Reflect  .   (helmet restricted)
rElec    .         Harm     .   (no cloak)
rCorr    .         Rampage  .   (gloves unavailable)
Will     .....                  (boots unavailable)
Stlth    ++........             (no amulet)
HPRegen  0.16/turn              (no ring)
MPRegen  0.09/turn              (no ring)

@: very slightly contaminated, invisible
A: large, unfitting armour, tough skin 1
a: Renounce Religion, Draw Escape, Draw Destruction, Draw Summoning


You were on level 2 of the Dungeon.
You worshipped Nemelex Xobeh.
Nemelex Xobeh was aware of your devotion.
You visited 1 branch of the dungeon, and saw 5 of its levels.

You collected 81 gold pieces.

Inventory:

Missiles
 d - 12 poisoned darts (quivered)
Armour
 a - a +0 robe (worn)
Wands
 f - a wand of digging (3)
 r - a wand of iceblast (6)
Scrolls
 b - a scroll of fog
 c - a scroll of magic mapping
 g - 3 scrolls of summoning {unknown}
 k - a scroll of acquirement {unknown}
 l - 2 scrolls of teleportation {unknown}
 n - 3 scrolls of amnesia {unknown}
Potions
 e - a potion of attraction {unknown}
 h - a potion of mutation {unknown}
 i - a potion of ambrosia {unknown}
 j - a potion of haste
 m - a potion of degeneration {unknown}
 o - a potion of heal wounds {unknown}
 p - a potion of might {unknown}
 q - 2 potions of curing


   Skills:
 - Level 4.0 Fighting
 + Level 1.9 Dodging
 - Level 3.7 Stealth
 * Level 3.9 Unarmed Combat


You had 3 spell levels left.
You didn't know any spells.
Your spell library was empty.

Dungeon Overview and Level Annotations

Branches:
Dungeon (5/15)
 Temple: D:4-7

Altars:
Nemelex Xobeh

Annotations:
D:2 Crazy Yiuf


Innate Abilities, Weirdness & Mutations

You are too large for most types of armour.
You have tough skin. (AC +1)


Message History

Aim: Crazy Yiuf, wielding a +4 quarterstaff of chaos and wearing a +0 cloak (lightly wounded, poisoned, 61% to hit)
You throw a poisoned dart. The poisoned dart hits Crazy Yiuf.
Crazy Yiuf is lightly wounded.
Unknown command.
Throw: 13 darts (poison)
Press: ? - help, Q - select action, (/) - cycle Shift-Dir - straight line, f/p - Crazy Yiuf
Aim: Crazy Yiuf, wielding a +4 quarterstaff of chaos and wearing a +0 cloak (moderately wounded, poisoned, 61% to hit)
You throw a poisoned dart. The poisoned dart hits Crazy Yiuf.
Crazy Yiuf looks even sicker.
Crazy Yiuf is moderately wounded.
Crazy Yiuf waves his quarterstaff at you.
Unknown command.
Crazy Yiuf grits, "Buddy!
Snurf action light."
Crazy Yiuf grits, "Defame!
Line pontify agre."
Crazy Yiuf cries, "Nubble water arga!"
Crazy Yiuf looks more healthy.
Crazy Yiuf sings, "Trees, trees, trees, circus!"
You hit Crazy Yiuf but do no damage.
Crazy Yiuf is heavily wounded.
Crazy Yiuf hits you with a +4 quarterstaff of chaos!
You barely miss Crazy Yiuf.
Crazy Yiuf is heavily wounded.
Crazy Yiuf hits you with a +4 quarterstaff of chaos!
You hit Crazy Yiuf.
Crazy Yiuf is severely wounded.
Crazy Yiuf sings, "Trees, trees, trees, circus!"
Crazy Yiuf hits you with a +4 quarterstaff of chaos!
You are lethally poisoned!
You hit Crazy Yiuf but do no damage.
Crazy Yiuf is severely wounded.
* * * LOW HITPOINT WARNING * * *
You feel very sick.
Crazy Yiuf hits you with a +4 quarterstaff of chaos!
* * * LOW HITPOINT WARNING * * *
You fade into invisibility!
You are very lightly contaminated with residual magic.
It was a potion of curing.
You feel better.
Crazy Yiuf hits you with a +4 quarterstaff of chaos!!
You die...
Your body disappears without a glow.

##### #....#....###..####.#####
#...####........##.#............
#...(..........##..#.....#.#####
#...####......##................
##.## ##.#..##....##....#......
#.# #.#.##....############## #[#
##.#.#....## #.#
##....#...######
#.####........@g....##♣♣
#................##.#..♣♣ ♣♣#.
########.#..####.#......♣♣♣♣.'(
###.## #.#....PP.♣..♣#.
#.#####....#.♣.♣.♣♣♣
#..........##♣♣♣♣♣ ############


You could see Crazy Yiuf.

Vanquished Creatures
  An adder (D:2)
  A dart slug (D:2)
  4 ball pythons
  6 endoplasms
  A giant cockroach (D:1)
  6 goblins
  4 hobgoblins (D:2)
  10 jackals
  3 quokkas
  4 bats
  3 frilled lizards
  6 kobolds
  3 rats
52 creatures vanquished.

Vanquished Creatures (others)
  3 fungi (D:2)
3 creatures vanquished.

Grand Total: 55 creatures vanquished

Notes
Turn   | Place    | Note
-------+----------+-------------------------------------------
     0 | D:5      | Froggeryz the Ogre Delver began the quest for the Orb.
     0 | D:5      | Reached XP level 1. HP: 24/24 MP: 1/1
     3 | D:5      | Noticed an ogre
     6 | D:5      | Noticed a scorpion
    36 | D:5      | Noticed a wyvern
   230 | D:4      | Noticed an ogre
   308 | D:3      | Reached XP level 2. HP: 13/32 MP: 2/2
   825 | D:1      | You fall into a shaft and drop 1 floor!
   849 | D:2      | Reached XP level 3. HP: 38/39 MP: 3/3
  1287 | D:1      | Found a faded altar of an unknown god.
  1354 | D:1      | Became a worshipper of Nemelex Xobeh the Trickster
  1354 | D:1      | Reached * piety under Nemelex Xobeh
  1354 | D:1      | Received a gift from Nemelex Xobeh
  1851 | D:2      | Reached XP level 4. HP: 27/48 MP: 4/4
  2613 | D:2      | Found a runed translucent door.
  2614 | D:2      | Noticed Crazy Yiuf
  2639 | D:2      | Mangled by Crazy Yiuf

Illustrated notes

Levels and vault maps discovered:
D:1:      minmay_arrival_split_and_join, layout_basic,
          shapermc_ecumenical_altar_venn
D:2:      layout_loops_ring, grunt_ministairs_13, nrook_mini_backslash,
          uniq_crazy_yiuf_cottage
D:3:      layout_rooms, serial_shops, shop
D:4:      layout_basic, lemuel_round_altar
D:5:      layout_rooms, xom_butterflies, minmay_temple_entry_butterflies,
          kennysheep_small_circle

Skill      XL: |  1  2 |
---------------+-------+-----
Unarmed Combat | 2 3 |  3.9
Fighting       | |  4.0
Dodging        | |  1.9
Stealth        | |  3.7

Action                   |  1- 3 |  4- 6 || total
-------------------------+-------+-------++-------
Melee: Unarmed           |   187 |    24 ||   211
Throw: Dart              |     1 |     3 ||     4
Invok: Draw Destruction  |       |     1 ||     1
  Use: Potion            |     1 |     1 ||     2
       Scroll            |     1 |       ||     1
 Stab: Sleeping          |    11 |     1 ||    12
Armor: Robe              |    44 |     2 ||    46
Dodge: Dodged            |    78 |     5 ||    83

Table legend: (Time is in decaauts)
 A = Elapsed time spent in this place.
 B = Non-inter-level travel time spent in this place.
 C = Inter-level travel time spent in this place.
 D = Time resting spent in this place.
 E = Time spent auto-exploring this place.
 F = Levels seen in this place.
 G = Mean time per level.
                   A        B        C        D        E       F      G
               +--------+--------+--------+--------+--------+-----+--------+
         Total |   2613 |   2584 |     29 |    462 |   1413 |   5 |  522.6 |
       Dungeon |   2613 |   2584 |     29 |    462 |   1413 |   5 |  522.6 |
               +--------+--------+--------+--------+--------+-----+--------+

Top non-repeatable levels by time:
     D:2: 1268 daAuts
     D:1: 841 daAuts
     D:4: 237 daAuts
     D:3: 236 daAuts
     D:5: 30 daAuts
